 Dungeon Crawl Stone Soup version 0.31-a0-355-g57cb03d3e8 (webtiles) character file.

Game seed: 13399134896458867538

22 hashsling the Digger (level 2, 0/16 HPs)
             Began as a Gargoyle Earth Elementalist on July 24, 2023.
             Slain by Terence
             ... wielding a +0 mace
              (4 damage)
             ... on level 2 of the Dungeon.
             The game lasted 00:04:44 (693 turns).

hashsling the Digger (Gargoyle Earth Elementalist)   Turns: 693, Time: 00:04:44

Health: 0/16       AC:  4    Str: 11    XL:     2   Next: 91%
Magic:  3/5        EV: 12    Int: 15    God:
Gold:   67         SH:  0    Dex: 10    Spells: 4/5 levels left

rFire   . . .        n - +2 whip (venom)
rCold   . . .        (no shield)
rNeg    + . .        a - +0 robe
rPois   ∞            (no helmet)
rElec   +            (no cloak)
rCorr   .            (no gloves)
SInv    .            (no boots)
Will    .....        (no amulet)
Stlth   ++           (no ring)
HPRegen 0.22/turn    (no ring)
MPRegen 0.09/turn

%: no passive effects
@: no status effects
A: sickness immunity, AC +2, negative energy resistance 1, electricity
resistance, torment resistance 1, petrification resistance
a: no special abilities


You were on level 2 of the Dungeon.
You visited 1 branch of the dungeon, and saw 2 of its levels.

You collected 67 gold pieces.

Inventory:

Hand Weapons
 n - a +2 whip of venom (weapon)
Missiles
 d - 18 stones
 f - a throwing net
Armour
 a - a +0 robe (worn)
 c - a +0 chain mail
 o - a +0 scale mail
Jewellery
 l - a ring of fire
Scrolls
 e - a scroll of identify {unknown}
 h - a scroll of blinking {unknown}
 j - a scroll of fear {unknown}
 k - a scroll of poison {unknown}
Potions
 b - a potion of magic
 g - a potion of haste {unknown}
 i - a potion of brilliance {unknown}
 m - a potion of cancellation {unknown}


   Skills:
 * Level 1.0 Fighting
 + Level 0.0 Maces & Flails
 * Level 1.2 Armour
 + Level 1.7 Dodging
 + Level 2.4 Stealth
 + Level 2.1 Spellcasting
 - Level 1.0 Transmutations
 + Level 3.8 Earth Magic


You had 4 spell levels left.
You knew the following spells:

 Your Spells              Type           Power      Damage    Failure   Level
a - Sandblast             Erth           24%        2d8       4%          1

Your spell library contained the following spells:

 Spells                   Type           Power      Damage    Failure   Level
 Passwall                 Tmut/Erth      6%         N/A       12%         2
 Apportation              Tloc           2%         N/A       22%         1
 Stone Arrow              Conj/Erth      14%        3d7       30%         3
 Petrify                  Tmut/Erth      8%         N/A       63%         4
 Alistair's Intoxication  Tmut/Pois      2%         N/A       99%         5


Dungeon Overview and Level Annotations

Branches:
Dungeon (2/15)

Altars:

Shops:
D:2 !=

Annotations:
D:2 Jessica, Terence


Innate Abilities, Weirdness & Mutations

You are immune to sickness and miasma.
Your stone body is resilient. (AC +2)
You are immune to poison.
You resist negative energy. (rN+)
You are resistant to electric shocks. (rElec)
You are resistant to unholy torment.
You are immune to petrification.


Message History

You see here a giant cockroach corpse.
A quokka comes into view.
The blast of sand hits the quokka.
The quokka is almost dead.
You hit the quokka.
You kill the quokka!
You see here a quokka corpse.
Found a scale mail.
You pick up a book of Party Tricks and begin reading...
You add the spells Apportation and Alistair's Intoxication to your library.
You see here a +0 scale mail.
o - a +0 scale mail
Found Qehin's Jewellery Shop.
There is an entrance to Qehin's Jewellery Shop here.
Found a beast talisman.
Terence the Incautious comes into view.
He is wielding a +0 mace.
Terence shouts!
Found a cloak and a mace.
The blast of sand misses Terence.
The blast of sand hits Terence but does no damage.
Terence misses you. Terence closely misses you.
Terence is nearby!
Terence is nearby!
Terence is nearby!
The blast of sand hits Terence but does no damage.
Terence hits you with a +0 mace.
A dart slug comes into view.
There are monsters nearby!
There are monsters nearby!
Terence attacks as you move away! Terence barely misses you.
Terence shouts, "ATTACK!!!"
Terence attacks as you move away! Terence hits you with a +0 mace!
* * * LOW HITPOINT WARNING * * *
Terence looks scornfully at you.
You hit Terence.
Terence is poisoned.
Terence is lightly wounded.
Terence misses you.
Terence says, "Rest in peace."
Terence hits you with a +0 mace.
You die...

#...............
#..◎............ ##
###..............[ ...
.................w .)###
#..........?... ...#
#..#........... #.##
#..#.#........) #..###
#..#@########## ##..†###
#..#@# ###...###..#.#
#####..##..#.# ####
.......#..#..#.###∩.♣#
######....†......#...#
#####.......#♣..# ##
#.....#.##....#
...#######.##..#.###..####
........##.##..#..###....#


You could see Terence (very poisoned).

Vanquished Creatures
  2 dart slugs (D:1)
  2 endoplasms (D:1)
  2 giant cockroaches
  A goblin (D:2)
  3 quokkas
  A ball python (D:1)
  A bat (D:1)
  2 kobolds (D:1)
  3 rats (D:1)
17 creatures vanquished.

Notes
Turn   | Place    | Note
-------+----------+-------------------------------------------
     0 | D:1      | hashsling the Gargoyle Earth Elementalist began the quest
                  | for the Orb.
     0 | D:1      | Reached XP level 1. HP: 10/10 MP: 3/3
   116 | D:1      | Reached XP level 2. HP: 16/16 MP: 3/5
   305 | D:1      | Reached skill level 1 in Armour
   372 | D:1      | Reached skill level 1 in Fighting
   499 | D:2      | Found Udiusk's Distillery.
   540 | D:2      | Noticed Jessica
   546 | D:2      | Reached skill level 1 in Transmutations
   660 | D:2      | Found Qehin's Jewellery Shop.
   682 | D:2      | Noticed Terence
   693 | D:2      | Slain by Terence

Illustrated notes

Levels and vault maps discovered:
D:1:      minmay_arrival_four_circles, layout_basic
D:2:      layout_rooms, basic_altar, serial_shops,
          nicolae_shop_pleasant_corner_grove, shop, shop, uniq_jessica,
          uniq_terence

Skill      XL: |  1  2 |
---------------+-------+-----
Armour         | 1 |  1.2
Fighting       | 1 |  1.0
Transmutations | 1 |  1.0
Dodging        | |  1.7
Stealth        | |  2.4
Spellcasting   | |  2.1
Earth Magic    | |  3.8

Action                     || total
---------------------------++-------
  Melee: Trident           ||    41
         Whip              ||     9
   Cast: Sandblast         ||    10
   Stab: Sleeping          ||     1
 Armour: Robe              ||    17
  Dodge: Dodged            ||    30

Table legend: (Time is in decaauts)
 A = Elapsed time spent in this place.
 B = Non-inter-level travel time spent in this place.
 C = Inter-level travel time spent in this place.
 D = Time resting spent in this place.
 E = Time spent auto-exploring this place.
 F = Levels seen in this place.
 G = Mean time per level.
                   A        B        C        D        E       F      G
               +--------+--------+--------+--------+--------+-----+--------+
         Total |    709 |    704 |      5 |      0 |    510 |   2 |  354.5 |
       Dungeon |    709 |    704 |      5 |      0 |    510 |   2 |  354.5 |
               +--------+--------+--------+--------+--------+-----+--------+

Top non-repeatable levels by time:
     D:1: 512 daAuts
     D:2: 197 daAuts
